AoeStats
← newats2007

Fortress

510153107Analyzed
4v4 RM · 2d ago on Sep 29, 2026· 66m 42s· 8 players
Game mode
Random Map
Map size
Huge
Population
200
Speed
Normal
Resources
Standard
Victory
Conquest
Starting age
Dark Age
Ending age
Imperial Age
RankedLock teamsTeams togetherTeam positionsShared explorationLock speedFull tech treeHidden civsTurbo modeCheats
Victory
Defeat
🇦🇷 Gurjaras · Argentina
1275
+15
🇨🇱 Franks · Chile
1250
+16
🇳🇱 Slavs · Netherlands
1208
+18
🇮🇳 Khmer · India
1207
+18
🇷🇺 Slavs · Russia
1289
-17
🇵🇱 Lithuanians · Poland
1253
-17
🇩🇪 Bohemians · Germany
1252
-17
🇷🇴 Varangians · Romania
1244
-16
IlikeStone
8:27 Feudal Age
10:12 Double-Bit Axe
10:19 Horse Collar
12:57 Castle Age
18:23 Heavy Plow
18:44 Bow Saw
19:52 Wheelbarrow
19:07 Loom
19:35 Bow Saw
19:45 Gold Mining
19:54 Stone Mining
22:08 Hand Cart
23:23 Stone Shaft Mining
27:16 Imperial Age
25:32 Scale Barding Armor
25:37 Forging
28:03 Iron Casting
27:49 Chain Barding Armor
28:26 Conscription
28:43 Hoardings
28:20 Elite Leitis
29:40 Bloodlines
29:30 Husbandry
31:07 Plate Barding Armor
38:05 Fletching
38:15 Padded Archer Armor
38:09 Light Cavalry
38:49 Winged Hussar
44:45 Fortified Wall
44:46 Masonry
44:32 Murder Holes
45:00 Ballistics
44:37 Bodkin Arrow
46:35 Caravan
46:46 Guilds
47:11 Coinage
50:42 Banking
55:37 Heavy Plow
65:32 Crop Rotation
jujuchoker
8:28 Feudal Age
12:06 Castle Age
10:02 Double-Bit Axe
10:18 Horse Collar
17:00 Wheelbarrow
17:28 Bow Saw
17:43 Heavy Plow
19:27 Hand Cart
19:00 Loom
25:35 Imperial Age
23:53 Town Watch
25:29 Chemistry
24:41 Masonry
25:46 Forging
25:36 Scale Mail Armor
25:30 Fletching
25:48 Pikeman
26:29 Squires
27:59 Two-Man Saw
27:13 Fervor
26:41 Halberdier
28:56 Houfnice
30:25 Chain Mail Armor
30:45 Iron Casting
30:33 Conscription
30:19 Wagenburg Tactics
33:58 Plate Mail Armor
34:28 Blast Furnace
33:29 Padded Archer Armor
33:24 Bodkin Arrow
38:01 Onager
48:20 Town Patrol
49:47 Bracer
51:56 Siege Engineers
54:17 Caravan
62:19 Elite Hussite Wagon
63:45 Leather Archer Armor
64:56 Ring Archer Armor
64:52 Ballistics
65:07 Architecture
64:23 Elite Skirmisher
Jadwigga
6:49 Feudal Age
11:56 Castle Age
10:03 Double-Bit Axe
10:41 Horse Collar
14:33 Town Watch
19:29 Squires
19:47 Loom
20:59 Bow Saw
23:12 Scale Mail Armor
24:25 Gambesons
26:07 Wheelbarrow
25:58 Forging
28:17 Chain Mail Armor
28:27 Hand Cart
29:35 Iron Casting
34:20 Imperial Age
31:55 Husbandry
33:14 Bloodlines
33:10 Scale Barding Armor
33:07 Arson
34:29 Chain Barding Armor
34:36 Cavalier
38:11 Plate Barding Armor
38:56 Gothikon
40:48 Conscription
42:51 Blast Furnace
41:19 Light Cavalry
42:39 Hussar
46:58 Caravan
54:02 Pikeman
55:18 Plate Mail Armor
58:57 Elite Skirmisher
60:04 Fletching
63:01 Bodkin Arrow
65:02 Bracer
66:07 Chemistry
For the Emperor
0:28 Loom
8:09 Feudal Age
13:20 Castle Age
11:12 Horse Collar
11:22 Double-Bit Axe
13:30 Man-at-Arms
14:16 Scale Mail Armor
15:17 Chain Mail Armor
14:59 Long Swordsman
20:08 Forging
20:33 Squires
21:40 Iron Casting
22:18 Bow Saw
22:47 Wheelbarrow
23:14 Pikeman
63:00 Heavy Plow
Deathiscoming
6:30 Feudal Age
7:13 Double-Bit Axe
7:09 Horse Collar
12:43 Castle Age
14:56 Bow Saw
16:20 Heavy Plow
16:40 Loom
16:40 Town Watch
19:06 Gold Mining
20:16 Wheelbarrow
21:30 Hand Cart
20:55 Man-at-Arms
21:36 Squires
22:41 Gold Shaft Mining
22:11 Scale Mail Armor
23:00 Forging
22:33 Long Swordsman
23:50 Scale Barding Armor
24:53 Chain Barding Armor
25:20 Detinets
28:25 Gold Shaft Mining
30:47 Imperial Age
29:39 Chain Mail Armor
31:26 Iron Casting
30:47 Capped Ram
30:58 Two-Handed Swordsman
32:16 Plate Mail Armor
31:24 Pikeman
33:34 Two-Man Saw
32:22 Halberdier
34:27 Blast Furnace
34:19 Conscription
34:58 Druzhina
35:47 Plate Barding Armor
35:55 Fletching
36:05 Stone Mining
37:29 Hoardings
37:07 Elite Boyar
37:54 Bodkin Arrow
39:28 Block Printing
39:43 Ballistics
40:23 Chemistry
39:44 Champion
43:40 Masonry
47:08 Fortified Wall
47:53 Cavalier
48:35 Husbandry
48:46 Bloodlines
54:07 Caravan
newats2007
6:34 Feudal Age
5:55 Loom
10:43 Castle Age
8:58 Double-Bit Axe
15:08 Horse Collar
24:20 Imperial Age
22:03 Light Cavalry
22:54 Bloodlines
23:23 Wheelbarrow
24:08 Scale Mail Armor
24:54 Forging
24:50 Scale Barding Armor
25:31 Conscription
26:13 Hand Cart
27:08 Iron Casting
26:49 Chain Mail Armor
28:57 Town Watch
30:02 Hussar
31:48 Husbandry
34:03 Blast Furnace
32:55 Fletching
33:06 Padded Archer Armor
34:19 Heavy Plow
35:22 Bodkin Arrow
35:49 Chain Barding Armor
36:28 Heavy Scorpion
40:59 Double Crossbow
41:00 Bracer
41:16 Leather Archer Armor
42:48 Leather Archer Armor
44:50 Chemistry
44:11 Ballistics
49:35 Pikeman
52:08 Halberdier
53:04 Caravan
bastianbps
7:31 Feudal Age
11:11 Castle Age
9:41 Double-Bit Axe
12:11 Bow Saw
11:47 Loom
21:29 Wheelbarrow
24:48 Imperial Age
22:47 Scale Mail Armor
23:58 Chain Mail Armor
24:30 Forging
26:21 Plate Mail Armor
26:00 Elite Throwing Axeman
28:00 Chemistry
27:26 Gold Mining
27:28 Stone Mining
28:15 Iron Casting
28:26 Conscription
29:02 Gold Shaft Mining
34:38 Blast Furnace
34:51 Pikeman
35:32 Squires
35:17 Arson
38:32 Ballistics
37:54 Treadmill Crane
42:35 Masonry
42:51 Halberdier
43:49 Caravan
44:03 Fletching
53:32 Scale Barding Armor
58:59 Chain Barding Armor
59:12 Cavalier
59:15 Light Cavalry
59:56 Husbandry
61:06 Plate Barding Armor
60:55 Chivalry
61:30 Hand Cart
61:44 Bodkin Arrow
Pryzma
6:48 Feudal Age
10:54 Castle Age
9:18 Double-Bit Axe
9:54 Horse Collar
12:17 Bow Saw
16:55 Heavy Plow
20:07 Wheelbarrow
25:07 Imperial Age
23:30 Fletching
24:02 Hand Cart
24:13 Hand Cart
24:10 Bodkin Arrow
24:58 Padded Archer Armor
25:50 Bloodlines
25:40 Husbandry
25:58 Leather Archer Armor
26:51 Chemistry
26:13 Ballistics
25:56 Gold Mining
25:56 Stone Mining
26:34 Bracer
26:21 Loom
26:22 Town Watch
26:57 Thumb Ring
27:43 Kshatriyas
28:00 Conscription
28:55 Gold Shaft Mining
29:09 Crop Rotation
28:51 Elite Elephant Archer
32:16 Frontier Guards
38:52 Caravan
53:13 Coinage
52:22 Siege Elephant
Connection lost

Rejoining the realm…

Still unreachable

The connection could not be restored.

Session expired

The server has moved on; the page needs a fresh start.